 Dungeon Crawl Stone Soup version 0.26-a0-651-gb41185065b (webtiles) character file.

Game seed: 15504447444276483120

175 Azzok the Digger (level 5, 0/35 HPs)
             Began as a Demonspawn Earth Elementalist on Oct 17, 2020.
             Succumbed to Duvessa's poison
             ... on level 3 of the Dungeon.
             The game lasted 00:03:47 (2496 turns).

Azzok the Digger (Demonspawn Earth Elementalist)    Turns: 2496, Time: 00:03:47

Health: 0/35       AC: 16    Str:  9    XL:     5   Next: 29%
Magic:  8/8        EV: -6    Int: 17    God:
Gold:   89         SH:  5    Dex: 13    Spells: 4/8 levels left

rFire    . . .     SeeInvis .   e - +2 spear (flame)
rCold    . . .     Faith    .   (no shield)
rNeg     . . .     Spirit   .   i - +0 crystal plate armour
rPois    .         Reflect  +   (no helmet)
rElec    .         Harm     .   (no cloak)
rCorr    .         Rampage  .   (no gloves)
MR       .....                  (no boots)
Stlth    ..........             l - amulet of reflection
HPRegen  0.11/turn              (no ring)
MPRegen  0.11/turn              (no ring)

@: lethally poisoned (0 -> -61)
A: powered by death 1, sharp scales 2
a: no special abilities


You were on level 3 of the Dungeon.
You visited 1 branch of the dungeon, and saw 4 of its levels.

You collected 89 gold pieces.

Inventory:

Hand Weapons
 e - a +2 spear of flaming (weapon)
Missiles
 b - 123 stones (quivered)
Armour
 c - a +0 robe
 i - a +0 crystal plate armour (worn)
Jewellery
 l - an amulet of reflection (around neck)
Scrolls
 d - a scroll of blinking {unknown}
 h - a scroll of amnesia {unknown}
 j - 3 scrolls of teleportation {unknown}
 o - 5 scrolls of identify {unknown}
 p - a scroll of immolation {unknown}
 r - a scroll of enchant armour {unknown}
Potions
 a - 2 potions of degeneration {unknown}
 f - 4 potions of curing {unknown}
 g - 2 potions of heal wounds {unknown}
 k - a potion of ambrosia {unknown}
 m - a potion of resistance {unknown}
 n - a potion of invisibility {unknown}
 q - a potion of flight {unknown}
 s - a potion of stabbing {unknown}
 t - a potion of might {unknown}
 u - a potion of berserk rage {unknown}


   Skills:
 - Level 1.7 Dodging
 - Level 1.7 Stealth
 + Level 2.1 Spellcasting
 + Level 0.4 Conjurations
   Level 0.8 Transmutations
 + Level 5.4 Earth Magic


You had 4 spell levels left.
You knew the following spells:

 Your Spells              Type           Power        Failure   Level
a - Sandblast             Erth           ###...       100%        1
b - Stone Arrow           Conj/Erth      ##....       100%        3

Your spell library contained the following spells:

 Spells                   Type           Power        Failure   Level
 Passwall                 Tmut/Erth      ##......     100%        2
 Petrify                  Tmut/Erth      ##......     100%        4
 Lee's Rapid Deconstruct  Erth           ###.......   100%        5


Dungeon Overview and Level Annotations

Branches:
Dungeon (4/15)
 Temple: D:4-7

Altars:
Cheibriados
Elyvilon
Okawaru

Annotations:
D:3 Dowan, Duvessa


Innate Abilities, Weirdness & Mutations

You regenerate a little health from kills.
You are mostly covered in razor-sharp scales. (AC +2, Slay +2)


Message History

You are more poisoned.
Duvessa hits you but does no damage.
You are more poisoned.
Dowan hits you but does no damage.
You climb upwards.
You feel very sick.
There is a stone staircase leading down here.
Okay, then.
* * * LOW HITPOINT WARNING * * *
You feel very sick.
* * * LOW HITPOINT WARNING * * *
You feel very sick.
Duvessa hits you with a +1 short sword of venom.
* * * LOW HITPOINT WARNING * * *
You are more poisoned.
Duvessa hits you with a +1 short sword of venom.
* * * LOW HITPOINT WARNING * * *
You are more poisoned.
There is an escape hatch in the ceiling here.
You die...

·····▒▒▒▒··▒·▒ ▒··········
▒··▒▒▒▒▒··▒▒·▒▒ ▒▒········▒ ▒''▒
▒·▒▒▒▒··▒ ▒▒·········▒ ···▒▒▒▒·▒
▒··▒ ▒▒▒···········
▒▒▒▒▒···▒▒▒▒·▒▒ ▒▒▒·············
▒▒▒▒··▒▒▒▒···▒ ▒▒···▒▒··········
·····▒▒····▒▒▒▒▒▒··▒▒▒▒··········
▒▒▒▒······▒▒▒·····▒▒ ▒··········
▒▒▒▒···▒▒▒▒ ▒···@·▒ ▒▒········▒
·····▒▒▒ ▒··e··▒ ▒▒······▒▒
·▒▒▒·▒▒▒▒▒▒▒▒··>e·▒ ▒▒▒▒▒▒▒▒
··················▒
·▒···▒▒▒▒▒▒▒▒·····▒ ···▒▒▒
▒·····▒ ···▒ ▒·····▒ ···▒ ▒·····▒
▒▒▒▒ ▒·····▒


You could see Duvessa (fast) and Dowan.

Vanquished Creatures
  An orc priest (D:2)
  2 adders
  A worm (D:2)
  4 dart slugs
  5 leopard geckos
  15 orcs
  4 giant cockroaches
  8 goblins
  10 hobgoblins
  12 jackals
  2 quokkas
  2 ball pythons
  9 bats
  A frilled lizard (D:3)
  4 kobolds
  9 rats
89 creatures vanquished.

Notes
Turn   | Place    | Note
-------+----------+-------------------------------------------
     0 | D:1      | Azzok the Demonspawn Earth Elementalist began the quest for
                  | the Orb.
     0 | D:1      | Reached XP level 1. HP: 13/13 MP: 3/3
   272 | D:1      | Reached skill level 3 in Earth Magic
   335 | D:1      | Gained mutation: You are partially covered in razor-sharp
                  | scales. (AC +1, Slay +1) [demonic ancestry]
   335 | D:1      | Reached XP level 2. HP: 19/19 MP: 5/5
   904 | D:2      | Reached XP level 3. HP: 20/24 MP: 6/6
  1065 | D:2      | Reached skill level 4 in Earth Magic
  1118 | D:2      | Gained mutation: You regenerate a little health from kills.
                  | [demonic ancestry]
  1118 | D:2      | Reached XP level 4. HP: 25/30 MP: 7/7
  1387 | D:2      | Reached skill level 5 in Earth Magic
  1441 | D:2      | Found an iron altar of Okawaru.
  1668 | D:2      | Found a snail-covered altar of Cheibriados.
  1948 | D:3      | Gained mutation: You are mostly covered in razor-sharp
                  | scales. (AC +2, Slay +2) [demonic ancestry]
  1948 | D:3      | Reached XP level 5. HP: 34/35 MP: 8/8
  2044 | D:3      | Learned a level 3 spell: Stone Arrow
  2192 | D:3      | Found a white marble altar of Elyvilon.
  2470 | D:4      | Noticed Duvessa
  2470 | D:4      | Noticed Dowan
  2496 | D:3      | Succumbed to Duvessa's poison

Illustrated notes

Levels and vault maps discovered:
D:1:      kennysheep_arrival_forest, layout_basic
D:2:      layout_basic, okawaru_altar_gauntlet_db, cheibriados_altar_1
D:3:      layout_rooms, elyvilon_altar_1, kennysheep_big_empty_room
D:4:      layout_basic, serial_shops, shop_fountains, nemelex_altar_shiori,
          uniq_sigmund, uniq_edmund, uniq_duvessa

Skill      XL: |  1  2  3  4 |
---------------+-------------+-----
Earth Magic    | 3 4 5 |  5.4
Dodging        | |  1.7
Stealth        | |  1.7
Spellcasting   | |  2.1
Conjurations   | |  0.4
Transmutations | |  0.8

Action                   |  1- 3 |  4- 6 || total
-------------------------+-------+-------++-------
Melee: Spear             |   109 |   161 ||   270
Armor: Crystal plate arm |   101 |   109 ||   210
Dodge: Dodged            |     6 |     4 ||    10
Block: Other             |    19 |    38 ||    57
       Reflection        |       |     3 ||     3

Table legend: (Time is in decaauts)
 A = Elapsed time spent in this place.
 B = Non-inter-level travel time spent in this place.
 C = Inter-level travel time spent in this place.
 D = Time resting spent in this place.
 E = Time spent auto-exploring this place.
 F = Levels seen in this place.
 G = Mean time per level.
                   A        B        C        D        E       F      G
               +--------+--------+--------+--------+--------+-----+--------+
         Total |   2524 |   2399 |    125 |     93 |   1745 |   4 |  631.0 |
       Dungeon |   2524 |   2399 |    125 |     93 |   1745 |   4 |  631.0 |
               +--------+--------+--------+--------+--------+-----+--------+

Top non-repeatable levels by time:
     D:2: 988 daAuts
     D:1: 881 daAuts
     D:3: 579 daAuts
     D:4: 75 daAuts
